 Dungeon Crawl Stone Soup version 0.27-b1-41-gafb5482f4b (webtiles) character file.

Game seed: 3290076321709765846

2235 Brandom the Chucker (level 9, -10/69 HPs)
             Began as a Human Hunter on July 28, 2021.
             Was a Priest of Qazlal.
             Mangled by a spark wasp (16 damage)
             ... on level 7 of the Dungeon.
             The game lasted 00:27:53 (5731 turns).

Brandom the Chucker (Human Hunter)                  Turns: 5731, Time: 00:27:54

Health: -10/69     AC:  5    Str: 16    XL:     9   Next: 62%
Magic:  3/13       EV: 14    Int: 17    God:    Qazlal [***...]
Gold:   112        SH:  3    Dex: 14    Spells: 10/12 levels left

rFire    + . .     SeeInvis .   y - +0 dagger (elec)
rCold    + . .     Faith    .   (no shield)
rNeg     . . .     Spirit   .   b - +0 leather armour
rPois    .         Reflect  .   t - +0 helmet
rElec    .         Harm     .   C - scarf {rC+ rF+}
rCorr    .         Rampage  .   (no gloves)
Will     .....                  m - +0 pair of boots
Stlth    +.........             e - amulet of regeneration
HPRegen  1.21/turn              o - +6 ring of intelligence
MPRegen  0.13/turn              (no ring)

@: no status effects
A: no striking features
a: Renounce Religion, Upheaval, Elemental Force


You were on level 7 of the Dungeon.
You worshipped Qazlal.
Qazlal was most pleased with you.
You visited 1 branch of the dungeon, and saw 7 of its levels.

You collected 410 gold pieces.
You spent 298 gold pieces at shops.

Inventory:

Hand Weapons
 a - a +0 short sword
 y - a +0 dagger of electrocution (weapon)
   (You took it off a kobold on level 1 of the Dungeon)
Missiles
 F - 12 stones (quivered)
Armour
 b - a +0 leather armour (worn)
 m - a +0 pair of boots (worn)
   (You found it on level 2 of the Dungeon)
 t - a +0 helmet (worn)
   (You took it off Robin on level 4 of the Dungeon)
 C - a scarf of resistance (worn)
   (You found it on level 5 of the Dungeon)
 D - a +0 kite shield
   (You took it off a gnoll sergeant on level 6 of the Dungeon)
Jewellery
 e - an amulet of regeneration (around neck)
   (You found it on level 4 of the Dungeon)
 o - a +6 ring of intelligence (left hand)
   (You found it on level 2 of the Dungeon)
Wands
 v - a wand of digging (3)
   (You took it off Ijyb on level 3 of the Dungeon)
 B - a wand of mindburst (11)
   (You found it on level 5 of the Dungeon)
Scrolls
 d - a scroll of fog {unknown}
 f - a scroll of vulnerability {unknown}
 g - 3 scrolls of amnesia {unknown}
 l - 3 scrolls of blinking {unknown}
 p - a scroll of fear {unknown}
 s - 2 scrolls of enchant armour {unknown}
 w - 2 scrolls of teleportation {unknown}
 x - 2 scrolls of noise {unknown}
 z - 2 scrolls of magic mapping
 E - 3 scrolls of enchant weapon {unknown}
 G - a scroll of brand weapon {unknown}
Potions
 h - a potion of curing {@q1}
 i - 2 potions of haste {@q3}
 j - 2 potions of ambrosia {unknown}
 k - a potion of heal wounds {@q2}
 n - a potion of invisibility
 q - 2 potions of brilliance {unknown}
 u - 2 potions of degeneration {!q}
 A - a potion of magic {unknown}


   Skills:
 + Level 6.0 Fighting
 + Level 7.0 Throwing
 + Level 6.1 Dodging
 - Level 1.0 Stealth
 - Level 2.0 Spellcasting
 + Level 2.8 Translocations
 + Level 5.9 Invocations


You had 10 spell levels left.
You knew the following spells:

 Your Spells              Type           Power      Damage    Failure   Level
b - Blink                 Tloc           N/A        N/A       12%         2

Your spell library contained the following spells:

 Spells                   Type           Power      Damage    Failure   Level
 Lesser Beckoning         Tloc           5%         N/A       22%         3
 Magic Dart               Conj           4%         1d3       24%         1
 Sting                    Tmut/Pois      4%         1d3       24%         1
 Call Imp                 Summ           1%         N/A       34%         2
 Poisonous Vapours        Pois/Air       2%         N/A       34%         2
 Sublimation of Blood     Necr           0%         N/A       34%         2
 Wereblood                Tmut           1%         N/A       34%         2
 Mephitic Cloud           Conj/Pois/Air  1%         N/A       56%         3
 Manifold Assault         Tloc           11%        N/A       91%         5
 Olgreb's Toxic Radiance  Pois           1%         N/A       93%         4
 Summon Hydra             Summ           0%         N/A       100%        7


Dungeon Overview and Level Annotations

Branches:
Dungeon (7/15)             Temple (0/1) D:5

Altars:
Dithmenos
Hepliaklqana
Okawaru
Qazlal

Shops:
D:1 ?   D:2 *   D:3 :   D:5 !


Message History

The boulder beetle leaps!
Throw: 2 javelins
Aim: a boulder beetle (ally target, 91% to hit)
You throw a javelin.
The javelin pierces through the boulder beetle but does no damage.
Throw: javelin
Aim: a boulder beetle (ally target, 91% to hit)
You throw a javelin.
The javelin pierces through the boulder beetle but does no damage.
Clouds arounds you coalesce and take form!
Your fire elemental disappears in a puff of smoke!
Throw: 13 stones
Aim: a boulder beetle (ally target, 91% to hit)
You throw a stone.
The stone hits the boulder beetle but does no damage.
Your fire elemental hits the boulder beetle.
Your fire elemental burns the boulder beetle!
Throw: 12 stones
Aim: a boulder beetle (lightly wounded, ally target, 91% to hit)
Okay, then.
Your fire elemental hits the boulder beetle.
Your fire elemental burns the boulder beetle!
The boulder beetle curls into a ball and begins rolling!
Aim: a boulder beetle (lightly wounded, rolling, ally target, will become a great orb of eyes, a torpor snail, or a spark wasp, chance to affect: 28%)
The boulder beetle evaporates and reforms as a spark wasp!
The now-empty wand crumbles to dust.
Your fire elemental hits the spark wasp.
Your fire elemental burns the spark wasp!
You hit the spark wasp but do no damage.
The spark wasp misses you.
Your fire elemental hits the spark wasp.
Your fire elemental burns the spark wasp!
The spark wasp stings you!! The spark wasp shocks you!
* * * LOW HITPOINT WARNING * * *
Unknown command.
You hit the spark wasp but do no damage.
Your fire elemental barely misses the spark wasp.
The spark wasp stings you!
* * * LOW HITPOINT WARNING * * *
The spark wasp shocks you!
* * * LOW HITPOINT WARNING * * *
Your fire elemental misses the spark wasp.
Unknown command.
You feel much better. The spark wasp stings you!
* * * LOW HITPOINT WARNING * * *
The spark wasp shocks you!
* * * LOW HITPOINT WARNING * * *
Your fire elemental misses the spark wasp.
The spark wasp stings you!
You die...

... # .## ... . . #.### ..
... # ...###.#.#.. #.##
#...#.#.....
#...###...#.......
#...#..........# #
#.@..........#
..###y.☼>........# .## #
#.((.E#..........# ....
(..##.............# #.#. #
#.#..[..†#[... ##..
######.#......#....
...######.............# ...
....#>....#.####.#.........
......#..........#.....##


You could see a spark wasp (ally target) and a friendly fire elemental
(summoned).

Vanquished Creatures
  Grinder (D:4)
  A water moccasin (D:6)
  A sky beast (D:5)
  Purgy (D:3)
  An ice beast (D:6)
  2 necrophages
  An ogre (D:6)
  A bullfrog (D:6)
  A gnoll sergeant (D:6)
  A scorpion (D:4)
  A wyvern skeleton (D:7)
  3 killer bees
  A centaur zombie (D:6)
  A bullfrog zombie (D:5)
  3 orc priests
  4 hounds
  2 jellies
  7 iguanas
  Ijyb (D:3)
  Robin (D:4)
  12 gnolls
  4 adders
  2 shadow imps (D:5)
  An ufetubus (D:5)
  A worm (D:4)
  6 dart slugs
  11 orcs
  10 ball pythons
  7 endoplasms
  11 goblins
  6 hobgoblins
  8 jackals
  6 quokkas
  6 bats
  3 frilled lizards
  5 kobolds
  7 rats
141 creatures vanquished.

Vanquished Creatures (collateral kills)
  An ice beast (D:5)
  A gnoll sergeant (D:6)
  2 bullfrogs
  A white imp (D:6)
5 creatures vanquished.

Grand Total: 146 creatures vanquished

Notes
Turn   | Place    | Note
-------+----------+-------------------------------------------
     0 | D:1      | Brandom the Human Hunter began the quest for the Orb.
     0 | D:1      | Reached XP level 1. HP: 16/16 MP: 1/1
   107 | D:1      | Found a faded altar of an unknown god.
   126 | D:1      | Reached XP level 2. HP: 22/22 MP: 2/2
   177 | D:1      | Became a worshipper of Qazlal Stormbringer
   177 | D:1      | Reached * piety under Qazlal
   608 | D:1      | Reached XP level 3. HP: 28/28 MP: 3/3
   747 | D:1      | Found Xomiwaism's Magic Scroll Boutique.
   759 | D:1      | Bought a scroll of identify for 28 gold pieces
   759 | D:1      | Bought a scroll of identify for 28 gold pieces
  1138 | D:2      | Reached ** piety under Qazlal
  1148 | D:2      | Reached skill level 1 in Invocations
  1187 | D:2      | Reached XP level 4. HP: 34/34 MP: 4/4
  1263 | D:2      | Found Dimud's General Store.
  1322 | D:2      | Found a shadowy altar of Dithmenos.
  1662 | D:3      | Reached XP level 5. HP: 27/40 MP: 4/6
  2040 | D:3      | Found Syefues's Book Boutique.
  2084 | D:3      | Noticed Ijyb
  2094 | D:3      | Killed Ijyb
  2131 | D:3      | Noticed Purgy
  2147 | D:3      | Killed Purgy
  2148 | D:3      | Reached skill level 5 in Throwing
  2148 | D:3      | Reached XP level 6. HP: 37/47 MP: 3/7
  2451 | D:4      | Noticed Grinder
  2501 | D:4      | Paralysed by Grinder for 7 turns
  2543 | D:4      | Paralysed by Grinder for 3 turns
  2546 | D:4      | Killed Grinder
  2547 | D:4      | Reached XP level 7. HP: 33/53 MP: 9/9
  2840 | D:4      | Noticed Robin
  2887 | D:4      | Killed Robin
  2970 | D:4      | Reached *** piety under Qazlal
  3729 | D:1      | Bought a scroll of magic mapping for 49 gold pieces
  3729 | D:1      | Bought a scroll of summoning for 133 gold pieces
  3825 | D:5      | Entered Level 5 of the Dungeon
  3978 | D:4      | Reached XP level 8. HP: 60/61 MP: 11/11
  4034 | D:4      | Reached skill level 6 in Throwing
  4036 | D:4      | Reached skill level 5 in Dodging
  4090 | D:5      | Reached skill level 5 in Fighting
  4546 | D:5      | Found Yneecok's Distillery.
  4552 | D:5      | Found a staircase to the Ecumenical Temple.
  4575 | D:5      | Bought a potion of heal wounds for 60 gold pieces
  4765 | D:5      | Learned a level 2 spell: Blink
  4873 | D:5      | Reached skill level 5 in Invocations
  4874 | D:5      | Reached skill level 1 in Translocations
  4946 | D:6      | Reached skill level 1 in Spellcasting
  4970 | D:6      | Reached XP level 9. HP: 49/68 MP: 12/12
  5201 | D:6      | Found a hazy altar of Hepliaklqana.
  5431 | D:6      | Found an iron altar of Okawaru.
  5596 | D:7      | Reached skill level 7 in Throwing
  5614 | D:7      | Noticed a boulder beetle
  5728 | D:7      | Noticed a spark wasp
  5728 | D:7      | a boulder beetle changed into a spark wasp
  5731 | D:7      | Mangled by a spark wasp

Illustrated notes

Levels and vault maps discovered:
D:1:      lightli_arrival_lavapool, layout_basic, serial_shops,
          nicolae_diamond_shop, hellmonk_ecumenical_altar_pennies_from_heaven,
          minmay_distorted
D:2:      layout_basic, basic_altar, serial_shops, nicolae_square_shop,
          minmay_octomino_j4
D:3:      layout_basic, serial_shops, nicolae_shop_behind_doors, uniq_ijyb,
          uniq_purgy
D:4:      layout_cave_pods, uniq_grinder, uniq_robin
D:5:      layout_loops_cross, minmay_temple_entry_offerings, serial_shops,
          nicolae_shop_trees, chequers_arboretum
D:6:      layout_rooms, mainiacjoe_overflow_catwalk, kennysheep_mini_moat
D:7:      minmay_cornered_nines, layout_rooms, nicolae_dithmenos_the_darkroom,
          minivault_27, worms_lemuel, uniq_maggie, uniq_harold

Skill      XL: |  1  2  3  4  5  6  7  8  9 |
---------------+----------------------------+-----
Invocations    | 1 2 3 4 5 |  5.9
Dodging        | 3 4 5 6 |  6.1
Fighting       | 3 4 5 6 |  6.0
Throwing       | 5 6 7 |  7.0
Translocations | 1 2 |  2.8
Spellcasting   | 1 2 |  2.0
Stealth        | |  1.0

Action                   |  1- 3 |  4- 6 |  7- 9 || total
-------------------------+-------+-------+-------++-------
Melee: Short sword       |     8 |       |       ||     8
       Dagger            |    72 |    76 |   199 ||   347
Throw: Javelin           |     6 |    32 |    66 ||   104
       Throwing net      |       |     4 |     1 ||     5
       Stone             |       |       |     4 ||     4
 Cast: Blink             |       |       |     1 ||     1
Invok: Upheaval          |       |     1 |     2 ||     3
       Elemental Force   |       |       |     3 ||     3
Evoke: Wand              |       |       |     1 ||     1
  Use: Scroll            |     2 |     1 |     2 ||     5
       Potion            |       |       |     3 ||     3
Armor: Leather armour    |    25 |    23 |    49 ||    97
Dodge: Dodged            |    71 |    91 |   159 ||   321
Block: Other             |     3 |    16 |    48 ||    67
